| TOP OF THE 1ST |
|
Williamsport Crosscutters batting - Pitching for Boise Hawks : RHP Ryan Squire
|
|
Pitching: RHP Ryan Squire
|
|
|
Batting: RHB Eddie Serna
|
0-0: Ball 1-0: Fly out, F2 (Popup, 23F, EV 87.5 MPH)
|
|
Batting: LHB Ryan Young
|
0-0: Ball 1-0: Called Strike 1-1: Foul Ball, location: 2F 1-2: Strikes out swinging
|
|
Batting: LHB Jean-Claude Vanbiesbrouck
|
0-0: Ball 1-0: Ball 2-0: SINGLE (Line Drive, 78S, EV 85.0 MPH)
|
|
Batting: LHB Jason Duda
|
0-0: Called Strike 0-1: Foul Ball, location: 2F 0-2: Ball Jean-Claude Vanbiesbrouck is caught stealing 2nd base 2-6
|
| Top of the 1st over - 0 runs, 1 hit, 0 errors, 0 left on base; Williamsport 0 - Boise 0 |
| BOTTOM OF THE 1ST |
|
Boise Hawks batting - Pitching for Williamsport Crosscutters : LHP Gilg Martin
|
|
Pitching: LHP Gilg Martin
|
|
|
Batting: SHB Clayton Saunders
|
0-0: Ball 1-0: Ball 2-0: Ball 3-0: Base on Balls
|
|
Batting: RHB Seisaburo Edagawa
|
0-0: Ball 1-0: Foul Ball, location: 2F 1-1: Ball 2-1: Ball 3-1: Fielders Choice at 2nd, 4-6 (Groundball, 4, EV 80.0 MPH)
|
|
Batting: SHB Ken Griffey IV
|
0-0: Ball 1-0: SINGLE (Line Drive, 78S, EV 107.5 MPH) Seisaburo Edagawa to second
|
|
Batting: RHB Andy Rayer
|
0-0: Ball 1-0: Called Strike 1-1: Swinging Strike 1-2: Strikes out swinging
|
|
Batting: RHB Bryce Hickman
|
0-0: Fielders Choice at 2nd, 6-4 (Groundball, 6, EV 81.2 MPH)
|
| Bottom of the 1st over - 0 runs, 1 hit, 0 errors, 2 left on base; Williamsport 0 - Boise 0 |
| TOP OF THE 2ND |
|
Williamsport Crosscutters batting - Pitching for Boise Hawks : RHP Ryan Squire
|
|
Batting: LHB Jason Duda
|
0-0: Swinging Strike 0-1: Swinging Strike 0-2: Ball 1-2: Strikes out looking
|
|
Batting: LHB Dennis French
|
0-0: Ball 1-0: Called Strike 1-1: Fly out, F8 (Flyball, 8RD, EV 99.4 MPH)
|
|
Batting: RHB Frank Ramirez
|
0-0: Ball 1-0: Called Strike 1-1: Ball 2-1: Fly out, F8 (Flyball, 8RM, EV 90.6 MPH)
|
| Top of the 2nd over - 0 runs, 0 hits, 0 errors, 0 left on base; Williamsport 0 - Boise 0 |
| BOTTOM OF THE 2ND |
|
Boise Hawks batting - Pitching for Williamsport Crosscutters : LHP Gilg Martin
|
|
Batting: RHB Justin Garrett
|
0-0: Foul Ball, location: 2F 0-1: Ball 1-1: Ball 2-1: Ball 3-1: Base on Balls
|
|
Batting: RHB Yamashita Yagi
|
0-0: Ball 1-0: Swinging Strike 1-1: Ball 2-1: Ball 3-1: Base on Balls Justin Garrett to second
|
|
Batting: RHB Kevin McKasson
|
0-0: Called Strike 0-1: Swinging Strike 0-2: Strikes out swinging
|
|
Batting: RHB Bob Hayes
|
0-0: Ball 1-0: Called Strike 1-1: Called Strike 1-2: Foul Ball, location: 2F 1-2: Ball 2-2: Ball 3-2: Foul Ball, location: 2F 3-2: Foul Ball, location: 2F 3-2: Base on Balls Justin Garrett to third Yamashita Yagi to second
|
|
Batting: SHB Clayton Saunders
|
0-0: Ball 1-0: Called Strike 1-1: Ball 2-1: Ball 3-1: Base on Balls Justin Garrett scores Yamashita Yagi to third Bob Hayes to second
|
|
Batting: RHB Seisaburo Edagawa
|
0-0: Ball 1-0: Ball 2-0: Ball 3-0: Called Strike 3-1: DOUBLE (Line Drive, 8RD, EV 103.1 MPH) Yamashita Yagi scores Bob Hayes scores Clayton Saunders to third Runner from 3rd tries for Home, throw by CF and OUT! 8-4-2 Seisaburo Edagawa to third
|
|
Batting: SHB Ken Griffey IV
|
0-0: Ball 1-0: Swinging Strike 1-1: Foul Ball, location: 2F 1-2: Ball 2-2: Strikes out looking
|
| Bottom of the 2nd over - 3 runs, 1 hit, 0 errors, 1 left on base; Williamsport 0 - Boise 3 |
| TOP OF THE 3RD |
|
Williamsport Crosscutters batting - Pitching for Boise Hawks : RHP Ryan Squire
|
|
Batting: RHB Teh-huai Jiang
|
0-0: Ground out 4-3 (Groundball, 4, EV 106.2 MPH)
|
|
Batting: LHB Bryant Dill
|
0-0: Swinging Strike 0-1: Ball 1-1: Foul Ball, location: 2F 1-2: Ball 2-2: Ground out 4-3 (Groundball, 34, EV 89.4 MPH)
|
|
Batting: RHB Rafael Soto
|
0-0: Foul Ball, location: 2F 0-1: Ball 1-1: Ball 2-1: Foul Ball, location: 2F 2-2: Foul Ball, location: 2F 2-2: Strikes out looking
|
| Top of the 3rd over - 0 runs, 0 hits, 0 errors, 0 left on base; Williamsport 0 - Boise 3 |
| BOTTOM OF THE 3RD |
|
Boise Hawks batting - Pitching for Williamsport Crosscutters : LHP Gilg Martin
|
|
Batting: RHB Andy Rayer
|
0-0: Ball 1-0: Called Strike 1-1: Ball 2-1: Ball 3-1: Called Strike 3-2: Base on Balls
|
|
Batting: RHB Bryce Hickman
|
0-0: Called Strike 0-1: Ball 1-1: Grounds into double play, 5-4-3 (Groundball, 5S, EV 85.0 MPH)
|
|
Batting: RHB Justin Garrett
|
0-0: Swinging Strike 0-1: Ball 1-1: Ball 2-1: Ball 3-1: Foul Ball, location: 2F 3-2: Strikes out swinging
|
| Bottom of the 3rd over - 0 runs, 0 hits, 0 errors, 0 left on base; Williamsport 0 - Boise 3 |
| TOP OF THE 4TH |
|
Williamsport Crosscutters batting - Pitching for Boise Hawks : RHP Ryan Squire
|
|
Batting: RHB Eddie Serna
|
0-0: Foul Ball, location: 2F 0-1: Ground out 6-3 (Groundball, 6D, EV 104.4 MPH)
|
|
Batting: LHB Ryan Young
|
0-0: Ball 1-0: Ground out U3 (Groundball, 13, EV 82.5 MPH)
|
|
Batting: LHB Jean-Claude Vanbiesbrouck
|
0-0: Called Strike 0-1: Foul Ball, location: 2F 0-2: Ball 1-2: Ball 2-2: Foul Ball, location: 2F 2-2: Ball 3-2: Foul Ball, location: 2F 3-2: Fly out, F7 (Line Drive, 78M, EV 110.0 MPH)
|
| Top of the 4th over - 0 runs, 0 hits, 0 errors, 0 left on base; Williamsport 0 - Boise 3 |
| BOTTOM OF THE 4TH |
|
Boise Hawks batting - Pitching for Williamsport Crosscutters : LHP Gilg Martin
|
|
Batting: RHB Yamashita Yagi
|
0-0: Ball 1-0: Called Strike 1-1: Called Strike 1-2: Ground out 4-3 (Groundball, 4, EV 85.0 MPH)
|
|
Batting: RHB Kevin McKasson
|
0-0: Foul Ball, location: 2F 0-1: Ball 1-1: Swinging Strike 1-2: Ball 2-2: Strikes out swinging
|
|
Batting: RHB Bob Hayes
|
0-0: Ball 1-0: Single, Error in OF, E8, batter to second base (Groundball, 6MD, EV 107.5 MPH)
|
|
Batting: SHB Clayton Saunders
|
Balk! Bob Hayes to third 0-0: Ball 1-0: SINGLE (Flyball, 78S, EV 95.0 MPH) Bob Hayes scores
|
|
Pitching: LHP Justin Thornton
|
|
|
Batting: RHB Seisaburo Edagawa
|
0-0: Ball 1-0: Ball Clayton Saunders is caught stealing 2nd base 2-4
|
| Bottom of the 4th over - 1 run, 2 hits, 1 error, 0 left on base; Williamsport 0 - Boise 4 |
| TOP OF THE 5TH |
|
Williamsport Crosscutters batting - Pitching for Boise Hawks : RHP Ryan Squire
|
|
Batting: LHB Jason Duda
|
0-0: Called Strike 0-1: Fly out, F7 (Flyball, 7S, EV 71.9 MPH)
|
|
Batting: LHB Dennis French
|
0-0: Ball 1-0: Ball 2-0: Swinging Strike 2-1: Ball 3-1: Fly out, F7 (Flyball, 7LD, EV 74.4 MPH)
|
|
Batting: RHB Frank Ramirez
|
0-0: Ball 1-0: Called Strike 1-1: Foul Ball, location: 2F 1-2: Hit by Pitch
|
|
Batting: RHB Teh-huai Jiang
|
0-0: Called Strike 0-1: Ball Frank Ramirez steals 2nd base 1-1: Swinging Strike 1-2: Foul Ball, location: 2F 1-2: Ball 2-2: Ball 3-2: Base on Balls
|
|
Batting: LHB Bryant Dill
|
0-0: Ball 1-0: Called Strike 1-1: Ball 2-1: Ball 3-1: Base on Balls Frank Ramirez to third Teh-huai Jiang to second
|
|
Batting: RHB Rafael Soto
|
0-0: Called Strike 0-1: Foul Ball, location: 2F 0-2: Ball 1-2: Strikes out swinging
|
| Top of the 5th over - 0 runs, 0 hits, 0 errors, 3 left on base; Williamsport 0 - Boise 4 |
| BOTTOM OF THE 5TH |
|
Boise Hawks batting - Pitching for Williamsport Crosscutters : LHP Justin Thornton
|
|
Batting: RHB Seisaburo Edagawa
|
0-0: Foul Ball, location: 2F 0-1: Foul Ball, location: 2F 0-2: DOUBLE (Groundball, 5L, EV 107.5 MPH)
|
|
Batting: SHB Ken Griffey IV
|
0-0: Ball 1-0: DOUBLE (Flyball, 8LD, EV 96.9 MPH) Seisaburo Edagawa scores
|
|
Batting: RHB Andy Rayer
|
0-0: Ball 1-0: SINGLE (Flyball, 6MD, EV 88.1 MPH) Ken Griffey IV to third
|
|
Batting: RHB Bryce Hickman
|
0-0: Ball 1-0: Swinging Strike 1-1: Ball Andy Rayer steals 2nd, throwing error, E2 Ken Griffey IV scores Andy Rayer to third 2-1: Fly out, F4 (Popup, 4M, EV 65.6 MPH)
|
|
Batting: RHB Justin Garrett
|
0-0: Called Strike 0-1: Foul Ball, location: 2F 0-2: Ball 1-2: Foul Ball, location: 2F 1-2: Foul Ball, location: 2F 1-2: Strikes out looking
|
|
Batting: RHB Yamashita Yagi
|
0-0: Ball 1-0: Foul Ball, location: 2F 1-1: Fly out, F9 (Flyball, 9, EV 70.6 MPH)
|
| Bottom of the 5th over - 2 runs, 3 hits, 1 error, 1 left on base; Williamsport 0 - Boise 6 |
| TOP OF THE 6TH |
|
Williamsport Crosscutters batting - Pitching for Boise Hawks : RHP Ryan Squire
|
|
Batting: RHB Eddie Serna
|
0-0: Ball 1-0: Swinging Strike 1-1: Ball 2-1: Called Strike 2-2: Strikes out swinging
|
|
Batting: LHB Ryan Young
|
0-0: Fly out, F7 (Line Drive, 7LS, EV 96.2 MPH)
|
|
Batting: LHB Jean-Claude Vanbiesbrouck
|
0-0: Called Strike 0-1: Foul Ball, location: 2F 0-2: Ball 1-2: Foul Ball, location: 2F 1-2: SINGLE (Line Drive, 34D, EV 97.5 MPH)
|
|
Pitching: LHP Josh Alvarez
|
|
|
Batting: LHB Jason Duda
|
0-0: DOUBLE (Flyball, 8LXD, EV 101.2 MPH) Jean-Claude Vanbiesbrouck to third Runner from 3rd tries for Home, SAFE, throw by CF to trailing runner, SAFE at third!
|
|
Batting: LHB Dennis French
|
0-0: Called Strike 0-1: Ball 1-1: Ball 2-1: Ball 3-1: SINGLE (Groundball, 6M, EV 103.1 MPH) Jason Duda scores
|
|
Batting: RHB Frank Ramirez
|
0-0: Ball 1-0: Ball 2-0: Called Strike 2-1: Called Strike 2-2: Foul Ball, location: 2F 2-2: Fielders Choice at 2nd, 6-4 (Groundball, 56, EV 82.5 MPH)
|
| Top of the 6th over - 2 runs, 3 hits, 0 errors, 1 left on base; Williamsport 2 - Boise 6 |
| BOTTOM OF THE 6TH |
|
Boise Hawks batting - Pitching for Williamsport Crosscutters : LHP Justin Thornton
|
|
Batting: RHB Kevin McKasson
|
0-0: Ball 1-0: Called Strike 1-1: SOLO HOME RUN (Flyball, 7LD, EV 97.5 MPH), Distance : 372 ft
|
|
Batting: RHB Bob Hayes
|
0-0: Ground out 6-3 (Groundball, 6, EV 91.2 MPH)
|
|
Batting: SHB Clayton Saunders
|
0-0: Called Strike 0-1: Ball 1-1: Ground out 4-3 (Groundball, 4, EV 87.5 MPH)
|
|
Batting: RHB Seisaburo Edagawa
|
0-0: DOUBLE (Groundball, 5L, EV 109.4 MPH)
|
|
Batting: SHB Ken Griffey IV
|
0-0: Ball Wild Pitch! Seisaburo Edagawa to third 1-0: Swinging Strike 1-1: Fly out, F3 (Line Drive, 3L, EV 71.9 MPH)
|
| Bottom of the 6th over - 1 run, 2 hits, 0 errors, 1 left on base; Williamsport 2 - Boise 7 |
| TOP OF THE 7TH |
|
Williamsport Crosscutters batting - Pitching for Boise Hawks : LHP Josh Alvarez
|
|
Batting: RHB Teh-huai Jiang
|
0-0: Called Strike 0-1: Ball 1-1: Ball 2-1: Ball 3-1: SINGLE (Groundball, 6M, EV 96.9 MPH)
|
|
Batting: LHB Bryant Dill
|
0-0: Fly out, F7 (Flyball, 7D, EV 78.1 MPH)
|
|
Batting: RHB Rafael Soto
|
0-0: Called Strike 0-1: Ball 1-1: Called Strike 1-2: Strikes out swinging
|
|
Batting: RHB Eddie Serna
|
0-0: Ball 1-0: Ball Wild Pitch! Teh-huai Jiang to second 2-0: Ball 3-0: Called Strike 3-1: Base on Balls
|
|
Batting: LHB Ryan Young
|
0-0: Called Strike 0-1: Foul Ball, location: 2F 0-2: Ball 1-2: Ball 2-2: Ball 3-2: Base on Balls Teh-huai Jiang to third Eddie Serna to second
|
|
Batting: LHB Jean-Claude Vanbiesbrouck
|
0-0: Called Strike 0-1: Called Strike 0-2: Ball 1-2: Ball 2-2: Fly out, F8 (Flyball, 8LM, EV 98.1 MPH)
|
| Top of the 7th over - 0 runs, 1 hit, 0 errors, 3 left on base; Williamsport 2 - Boise 7 |
| BOTTOM OF THE 7TH |
|
Boise Hawks batting - Pitching for Williamsport Crosscutters : LHP Justin Thornton
|
|
Batting: RHB Andy Rayer
|
0-0: Called Strike 0-1: Ball 1-1: Fly out, F5 (Flyball, 5D, EV 86.2 MPH)
|
|
Batting: RHB Bryce Hickman
|
0-0: Ground out 1-3 (Groundball, 13S, EV 62.5 MPH)
|
|
Batting: RHB Justin Garrett
|
0-0: Ball 1-0: Ball 2-0: Foul Ball, location: 2F 2-1: Foul Ball, location: 2F 2-2: Strikes out looking
|
| Bottom of the 7th over - 0 runs, 0 hits, 0 errors, 0 left on base; Williamsport 2 - Boise 7 |
| TOP OF THE 8TH |
|
Williamsport Crosscutters batting - Pitching for Boise Hawks : LHP Josh Alvarez
|
|
Batting: LHB Jason Duda
|
0-0: Ball 1-0: Swinging Strike 1-1: Ball 2-1: Ball 3-1: Swinging Strike 3-2: Ground out 4-3 (Groundball, 4, EV 87.5 MPH)
|
|
Batting: LHB Dennis French
|
0-0: Foul Ball, location: 2F 0-1: Fly out, F7 (Flyball, 7S, EV 88.1 MPH)
|
|
Batting: RHB Frank Ramirez
|
0-0: Fly out, F7 (Flyball, 7, EV 93.8 MPH)
|
| Top of the 8th over - 0 runs, 0 hits, 0 errors, 0 left on base; Williamsport 2 - Boise 7 |
| BOTTOM OF THE 8TH |
|
Boise Hawks batting - Pitching for Williamsport Crosscutters : LHP Justin Thornton
|
|
Batting: RHB Yamashita Yagi
|
0-0: Foul Ball, location: 2F 0-1: Foul Ball, location: 2F 0-2: Ball 1-2: Ball 2-2: Ball 3-2: SINGLE (Groundball, 6D, EV 100.0 MPH)
|
|
Pitching: RHP George Crousse
|
|
|
Batting: RHB Kevin McKasson
|
0-0: Ball 1-0: DOUBLE (Line Drive, 9LM, EV 106.9 MPH) Yamashita Yagi to third
|
|
Batting: RHB Bob Hayes
|
0-0: Ball 1-0: Swinging Strike 1-1: Ground out 6-3 (Groundball, 56, EV 103.1 MPH) Yamashita Yagi scores
|
|
Batting: SHB Clayton Saunders
|
0-0: Swinging Strike 0-1: Foul Ball, location: 2F 0-2: Ball 1-2: Ball 2-2: Strikes out swinging passed ball, reaches first! Kevin McKasson to third
|
|
Batting: RHB Seisaburo Edagawa
|
0-0: Called Strike 0-1: Ball 1-1: Ball 2-1: Foul Ball, location: 2F 2-2: Fielders Choice at 2nd, 6-4 (Groundball, 6, EV 86.9 MPH) Kevin McKasson scores
|
|
Batting: SHB Ken Griffey IV
|
0-0: Called Strike 0-1: Ball 1-1: Swinging Strike 1-2: Strikes out swinging
|
| Bottom of the 8th over - 2 runs, 2 hits, 0 errors, 1 left on base; Williamsport 2 - Boise 9 |
| TOP OF THE 9TH |
|
Williamsport Crosscutters batting - Pitching for Boise Hawks : LHP Josh Alvarez
|
|
Batting: RHB Teh-huai Jiang
|
0-0: Ball 1-0: Ball 2-0: Ball 3-0: Called Strike 3-1: Foul Ball, location: 2F 3-2: Foul Ball, location: 2F 3-2: Base on Balls
|
|
Batting: LHB Bryant Dill
|
0-0: Swinging Strike 0-1: Ball 1-1: Foul Ball, location: 2F 1-2: Ball 2-2: Foul Ball, location: 2F 2-2: Fielders Choice at 2nd, 3-6 (Groundball, 34, EV 93.1 MPH)
|
|
Pitching: RHP Zi-cheng Zhou
|
|
|
Pinch Hitting: LHB Rich Kuehne
|
0-0: Ball 1-0: Called Strike 1-1: Swinging Strike 1-2: Ball 2-2: Foul Ball, location: 2F 2-2: Foul Ball, location: 2F 2-2: Foul Ball, location: 2F 2-2: Ball 3-2: Fielders Choice at 2nd, 4-6 (Groundball, 4, EV 80.6 MPH)
|
|
Batting: RHB Eddie Serna
|
0-0: DOUBLE (Line Drive, 7LS, EV 103.1 MPH) Rich Kuehne to third
|
|
Pinch Hitting: RHB Steve Kirby
|
0-0: Ball 1-0: Ball 2-0: Foul Ball, location: 2F 2-1: Foul Ball, location: 2F 2-2: Ground out 6-3 (Groundball, 6MS, EV 86.9 MPH)
|
| Top of the 9th over - 0 runs, 1 hit, 0 errors, 2 left on base; Williamsport 2 - Boise 9 |
|